 Dungeon Crawl Stone Soup version 0.30-b1-2-g02819fbbbe (webtiles) character file.

Game seed: 7232249215295246724

124 LLlMATKO the Trooper (level 4, 0/61 HPs)
             Began as a Minotaur Berserker on Nov 28, 2023.
             Was a Believer of Trog.
             Slain by Natasha (8 damage)
             ... on level 3 of the Dungeon.
             The game lasted 00:02:25 (2086 turns).

LLlMATKO the Trooper (Minotaur Berserker)           Turns: 2086, Time: 00:02:26

Health: 0/61       AC:  2    Str: 24    XL:     4   Next: 81%
Magic:  3/3        EV: 12    Int:  4    God:    Trog [**....]
Gold:   75         SH:  0    Dex:  9    Spells: 3/3 levels left

rFire   . . .        u - +0 war axe
rCold   . . .        (no shield)
rNeg    . . .        b - +0 animal skin
rPois   .            (helmet restricted)
rElec   .            (no cloak)
rCorr   .            (no gloves)
SInv    .            (no boots)
Will    .....        (no amulet) Stlth
                     (no ring)
HPRegen 0.30/turn    (no ring)
MPRegen 0.08/turn

%: no passive effects
@: berserking (expiring), slowed
A: horns 2, retaliatory headbutt
a: Renounce Religion, Berserk, Trog's Hand


You were on level 3 of the Dungeon.
You worshipped Trog.
Trog was pleased with you.
You visited 1 branch of the dungeon, and saw 3 of its levels.

You collected 75 gold pieces.

Inventory:

Hand Weapons
 a - a +0 hand axe
 u - a +0 war axe (weapon)
Missiles
 g - a throwing net (quivered)
 t - 12 poisoned darts
Armour
 b - a +0 animal skin (worn)
Jewellery
 c - a +6 ring of strength
 m - an amulet of the acrobat
 p - a ring of ice
Wands
 x - a wand of mindburst (6)
Scrolls
 d - a scroll of vulnerability {unknown}
 j - 2 scrolls of fog {unknown}
 k - 2 scrolls of enchant weapon {unknown}
 n - 3 scrolls of teleportation {unknown}
 q - 2 scrolls of identify {unknown}
 v - a scroll of amnesia {unknown}
 w - 2 scrolls of enchant armour {unknown}
Potions
 e - a potion of heal wounds {unknown}
 f - a potion of flight {unknown}
 h - a potion of brilliance {unknown}
 i - a potion of degeneration {unknown}
 l - a potion of mutation {unknown}
 o - a potion of curing {unknown}
 r - a potion of haste {unknown}
 s - a potion of lignification {unknown}


   Skills:
 + Level 4.6 Fighting
 + Level 4.6 Axes
 + Level 3.7 Armour
 + Level 3.2 Dodging


You had 3 spell levels left.
You didn't know any spells.
Your spell library was empty.

Dungeon Overview and Level Annotations

Branches:
Dungeon (3/15)

Altars:

Shops:
D:3 =

Annotations:
D:3 Natasha


Innate Abilities, Weirdness & Mutations

You have a pair of horns on your head.
You reflexively headbutt those who attack you in melee.


Message History

You feel yourself slow down.
A red film seems to cover your vision as you go berserk!
You feel yourself moving faster!
You feel mighty!
You feel sick. Natasha barely misses you. Natasha claws you but does no damage.
The rat closely misses you.
You barely miss Natasha. You hit the rat.
You kill the rat!
Trog accepts your kill.
You feel sick.
You are no longer poisoned.
Natasha claws you.
Unknown command.
You miss Natasha. Your headbutt misses Natasha.
Natasha wildly gestures.
You feel disoriented.
Natasha stares at you and mumbles some strange words.
The magic dart hits you.
Unknown command.
You closely miss Natasha. Your punch misses Natasha. Natasha claws you!
Natasha claws you but does no damage.
Unknown command.
You barely miss Natasha. Natasha misses you.
Unknown command.
You closely miss Natasha. Natasha claws you!
* * * LOW HITPOINT WARNING * * *
Unknown command.
You miss Natasha. Your headbutt misses Natasha. Natasha casts a spell at you.
The magic dart hits you.
* * * LOW HITPOINT WARNING * * *
Unknown command.
You slash Natasha!
Natasha is almost dead.
Natasha closely misses you. Natasha casts a spell at you.
You feel as though you will be slow longer.
You barely miss Natasha.
Natasha is almost dead.
Natasha claws you!
You die...

.##########...####....>.....###..
.# ##.## ##.......#.# #.† .###
##.#######.....##.# #.# ...#
#......# ##...###.# #.# ...#
#..###.# ##+# #.. ... ...#
#..###.# #####.# ...# #...:†.####
#.# ...# #.........# #. .###
#.....@†..# .# #....>.h...... .#
#............. .# #.............
.# #............. ##
#.........##.. #.........# .
#.........#


You could see Natasha.

Vanquished Creatures
  Natasha (twice) (D:3)
  2 adders
  4 dart slugs
  An orc (D:3)
  5 ball pythons
  An endoplasm (D:2)
  2 giant cockroaches (D:1)
  5 goblins
  6 hobgoblins
  4 jackals (D:1)
  A quokka (D:3)
  5 bats
  A frilled lizard (D:2)
  3 kobolds
  3 rats
45 creatures vanquished.

Notes
Turn   | Place    | Note
-------+----------+-------------------------------------------
     0 | D:1      | LLlMATKO the Minotaur Berserker began the quest for the
                  | Orb.
     0 | D:1      | Reached XP level 1. HP: 19/19 MP: 0/0
   146 | D:1      | Reached XP level 2. HP: 27/27 MP: 1/1
   743 | D:2      | Reached XP level 3. HP: 33/33 MP: 2/2
  1366 | D:3      | Found Giuseho's Jewellery Emporium.
  1371 | D:3      | Reached ** piety under Trog
  1453 | D:3      | Found a faded altar of an unknown god.
  1562 | D:3      | Noticed Natasha
  1569 | D:3      | Killed Natasha
  1570 | D:3      | Reached XP level 4. HP: 21/41 MP: 3/3
  1742 | D:3      | Noticed Natasha
  1747 | D:3      | Killed Natasha
  2072 | D:3      | Noticed Natasha
  2086 | D:3      | Slain by Natasha

Illustrated notes

Levels and vault maps discovered:
D:1:      dpeg_arrival_tiny_g, layout_basic
D:2:      layout_basic
D:3:      layout_loops_corners, serial_shops, shop,
          dreamdust_ecumenical_altar_angels_and_demons, roderic_roman_lattice,
          uniq_natasha

Skill      XL: |  1  2  3 |
---------------+----------+-----
Fighting       | 4 |  4.6
Axes           | 4 |  4.6
Armour         | 3 |  3.7
Dodging        | 3 |  3.2

Action                     |  1- 3 |  4- 6 || total
---------------------------+-------+-------++-------
  Melee: Hand axe          |    64 |     6 ||    70
         Headbutt          |     7 |     3 ||    10
         Punch             |     1 |       ||     1
         War axe           |       |    21 ||    21
 Invoke: Berserk           |     1 |     1 ||     2
 Armour: Animal skin       |    17 |     7 ||    24
  Dodge: Dodged            |    51 |    13 ||    64
